 Dungeon Crawl Stone Soup version 0.23.2-40-g277498a001 (webtiles) character file.

Game seed: 11339897382782377670

91741 Iskender the Basher (level 15, -4/119 HPs)
             Began as a Mummy Wanderer on Oct 5, 2019.
             Was an Initiate of Gozag.
             Killed from afar by a rakshasa (illusionary) (31 damage)
             ... with an orb of energy
             ... on level 15 of the Dungeon on Oct 8, 2019.
             The game lasted 03:36:24 (30153 turns).

Iskender the Basher (Mummy Wanderer)               Turns: 30153, Time: 03:36:25

Health: -4/119     AC: 21    Str: 21    XL:     15   Next: 55%
Magic:  22/22      EV: 23    Int: 16    God:    Gozag
Gold:   5902       SH:  8    Dex: 14    Spells: 16/18 levels left

rFire    x . .     SeeInvis +   a - +8 flail of the Absolute Madman {speed, rF+}
rCold    + + .     Gourm    .   T - +2 buckler
rNeg     + + +     Faith    .   W - +2 chain mail {MR+}
rPois    ∞         Spirit   .   B - +1 helmet {Int+3}
rElec    .         Reflect  .   Y - scarf {repulsion}
rCorr    .         Harm     .   H - +2 pair of gloves {Dex+3}
MR       ++...                  J - +1 pair of boots
Stlth    ..........             y - amulet of the acrobat
HPRegen  0.29/turn              c - ring of ice
MPRegen  0.18/turn              s - ring of see invisible

@: about to teleport, acrobat, studying Ice Magic, repel missiles
A: no food or potions, fire vulnerability, cold resistance 1, negative energy
resistance 3, torment resistance, unbreathing, in touch with death 1
a: Potion Petition, Call Merchant, Bribe Branch, Renounce Religion


You were on level 15 of the Dungeon.
You worshipped Gozag.
Gozag was greatly pleased with you.
You were not hungry.

You visited 4 branches of the dungeon, and saw 24 of its levels.
You also visited: Sewer and Ice Cave.

You collected 9031 gold pieces.
You spent 3080 gold pieces at shops.
You paid 49 gold pieces to Gozag.

Inventory:

Hand Weapons
 a - the +8 flail of the Absolute Madman (weapon) {speed, rF+}
   (You found it on level 4 of the Dungeon)

   Attacks with this weapon are significantly faster.
   It protects you from fire.
 v - a +0 blowgun
Missiles
 b - 69 sling bullets
 o - 38 tomahawks
 r - 29 javelins (quivered)
 t - 52 poisoned needles
 Z - 3 curare-tipped needles
Armour
 e - the +0 scale mail "Hups" {rElec rC++ rCorr Dex-5}
   (You found it on level 8 of the Dungeon)

   It affects your dexterity (-5).
   It greatly protects you from cold.
   It insulates you from electricity.
   It provides partial protection from all sources of acid and corrosion.
 B - a +1 helmet of intelligence (worn)
 H - a +2 pair of gloves of dexterity (worn)
 J - a +1 pair of boots (worn)
 M - a +2 shield of cold resistance
 O - a +1 cloak of cold resistance
 Q - the +3 scale mail "Remnebre" {rF+ rCorr Dex+4}
   (You bought it in a shop on level 2 of the Orcish Mines)

   It affects your dexterity (+4).
   It protects you from fire.
   It provides partial protection from all sources of acid and corrosion.
 T - a +2 buckler (worn)
 W - a +2 chain mail of magic resistance (worn)
 Y - a scarf of repulsion (worn)
Jewellery
 c - a ring of ice (left hand)
 f - an uncursed ring of protection from fire
 g - an uncursed ring of resist corrosion
 n - an uncursed amulet of regeneration
 s - a ring of see invisible (right hand)
 u - an uncursed ring of magical power
 w - an uncursed ring of wizardry
 y - an amulet of the acrobat (around neck)
 z - a +4 ring of dexterity
 A - an uncursed ring of flight
 P - an uncursed ring of stealth
Wands
 j - a wand of polymorph (6)
 p - a wand of iceblast (30)
 D - a wand of scattershot (3)
 E - a wand of disintegration (40)
 G - a wand of digging (18)
 L - a wand of paralysis (20)
 N - a wand of acid (4)
Scrolls
 d - 4 scrolls of amnesia
 h - 10 scrolls of remove curse
 i - a scroll of vulnerability
 k - 2 scrolls of magic mapping
 l - 5 scrolls of blinking
 m - 5 scrolls of immolation
 q - 5 scrolls of enchant weapon
 x - 10 scrolls of teleportation
 K - 2 scrolls of summoning
 S - 8 scrolls of identify
 U - 2 scrolls of fog
 V - a scroll of enchant armour
 X - 2 scrolls of fear
Books
 C - a manual of Ice Magic
 F - a manual of Ice Magic
Miscellaneous
 R - a phantom mirror


   Skills:
 - Level 11.2 Fighting
 - Level 14.0 Maces & Flails
   Level 2.4 Polearms
 - Level 1.0 Throwing
 - Level 9.0 Armour
 - Level 1.0 Stealth
 - Level 10.2 Shields
 + Level 2.2 Spellcasting
 + Level 1.8 Necromancy
 - Level 10.0 Evocations


You had 16 spell levels left.
You knew the following spells:

 Your Spells              Type           Power        Failure   Level  Hunger
i - Corpse Rot            Necr           N/A          71%         2    N/A

Your spell library contained the following spells:

 Spells                   Type           Power        Failure   Level  Hunger
 Magic Dart               Conj           #...         82%         1    N/A
 Sandblast                Erth           #.....       82%         1    N/A
 Summon Small Mammal      Summ           #...         82%         1    N/A
 Call Imp                 Summ           #.......     91%         2    N/A
 Passwall                 Tmut/Erth      #.......     91%         2    N/A
 Searing Ray              Conj           #.....       91%         2    N/A
 Call Canine Familiar     Summ           #.......     99%         3    N/A
 Dazzling Spray           Conj/Hex       #.....       99%         3    N/A
 Stone Arrow              Conj/Erth      #.....       99%         3    N/A
 Summon Guardian Golem    Hex/Summ       #.......     99%         3    N/A
 Animate Dead             Necr           N/A          100%        4    N/A
 Force Lance              Conj/Tloc      #.......     100%        4    N/A
 Fulminant Prism          Conj/Hex       #.........   100%        4    N/A
 Iskenderun's Mystic Bla  Conj           #.......     100%        4    N/A
 Petrify                  Tmut/Erth      #.......     100%        4    N/A
 Summon Ice Beast         Ice/Summ       #.......     100%        4    N/A
 Summon Lightning Spire   Summ/Air       #.......     100%        4    N/A
 Lee's Rapid Deconstruct  Erth           #.........   100%        5    N/A

Dungeon Overview and Level Annotations

Branches:
Dungeon (15/15)            Temple (1/1) D:4            Lair (6/6) D:9
 Shoals (0/4) Lair:4       Spider (0/4) Lair:2        Slime (0/5) Lair:5
    Orc (2/2) D:10            Elf (0/3) Orc:2        Vaults (0/5) D:13
 Depths: D:15

Altars:
Ashenzari
Cheibriados
Dithmenos
Elyvilon
Fedhas
Gozag
Hepliaklqana
Kikubaaqudgha
Makhleb
Nemelex Xobeh
Okawaru
Qazlal
Ru
Sif Muna
Trog
Uskayaw
Vehumet
Wu Jian
Xom
Yredelemnul
Zin
The Shining One
Beogh
Lugonu

Shops:
D:4 =   D:5 [   D:8 ([[}*   D:13 [   Orc:2 ([([

Annotations:
Lair:1 Loipp's ghost, journeyman DsGl
Lair:4 exclusion: oklob plant


Innate Abilities, Weirdness & Mutations

You do not eat or drink.
Your flesh is vulnerable to fire.
You are immune to poison.
Your flesh is cold resistant. (rC+)
You are immune to negative energy. (rN+++)
You are immune to unholy pain and torment.
You can survive without breathing.
You are in touch with the powers of death.


Message History

The rakshasa is severely wounded.
You thump the rakshasa!
The rakshasa is almost dead.
The rakshasa hits you but does no damage.
The rakshasa hits you from afar with a +0 trident!
The rakshasa gestures at you. The orb of energy hits you!!
The orb of energy explodes!
You hit the rakshasa.
The rakshasa is almost dead.
As you read the scroll of teleportation, it crumbles to dust.
You feel strangely unstable.
The rakshasa hits you but does no damage.
The rakshasa hits you from afar with a +0 trident!
* * * LOW HITPOINT WARNING * * *
The rakshasa gestures at you. The orb of energy misses you.
The rakshasa gestures at you. The orb of energy hits you!!
You die...
Your body crumbles into a pile of gold.

#.##.......##.##.......## ###
#.##.####...........##..###..
#.##.# ####..............#.#
#.##.# ##.................#
#.##.#####..R.....)..PPP....#
#.......(R#.R....))..P.PP..##
####.#####.#..PPPP)....P...
#.# ##...PPPP...PP.P.. #.#
##@...[.......%..
###.#######.......⌠.......
#......................... ##
#.#.##..##...PPP....PPPP.. ..
#.#<##........♣.....P..P.
#.##...##.###.....♣....P.♣P
#...................(..PPP.
####.####.##..........).....
#.# #.....)......§......


You could see 3 rakshasas.

Vanquished Creatures
  An orc warlord (Orc:2)
  An ironheart preserver (D:13)
  A minotaur (Lair:1)
  Azrael (Orc:2)
  A fire dragon (Lair:6)
  Josephine (Lair:4)
  An ogre mage (D:15)
  Harold (D:8)
  Fannar (Lair:2)
  2 hydras
  5 centaur warriors
  2 death knights (D:14)
  6 two-headed ogres
  2 tengu warriors
  4 death yaks (Lair:6)
  A sixfirhy (D:10)
  A skeletal warrior (D:14)
  2 unseen horrors
  A wizard (D:15)
  A lindwurm (Lair:6)
  4 orc knights
  A necromancer (IceCv)
  The ghost of sydd the Digger, a novice DgEE (D:4)
  2 manticores
  5 ugly things
  2 orc sorcerers (Orc:2)
  A cyclops (D:14)
  2 deep elf magi
  A merfolk siren (Lair:4)
  Maurice (Orc:2)
  An elephant (D:9)
  9 black mambas
  An ice statue (IceCv)
  3 molten gargoyles (Lair:6)
  A gargoyle (D:14)
  A torpor snail (Lair:6)
  7 spiny frogs
  A rime drake (shapeshifter) (D:15)
  2 kobold demonologists
  12 komodo dragons
  12 freezing wraiths
  5 yaktaurs (D:15)
  3 tengu conjurers (D:14)
  10 trolls
  5 jumping spiders (Lair:2)
  A hornet (D:10)
  11 blink frogs
  A tyrant leech (D:9)
  7 slime creatures
  9 hippogriffs
  14 dream sheep
  2 meliai zombies
  2 shadows
  6 wraiths
  3 redbacks (Lair:2)
  A spriggan (Lair:2)
  A vampire (D:11)
  7 wyverns
  Eustachio (D:4)
  29 yaks
  5 basilisks
  5 fire elementals (Orc:2)
  Grum (D:8)
  A death yak simulacrum (IceCv)
  5 steam dragons
  A hungry ghost (D:8)
  4 wargs
  7 vampire mosquitoes
  13 porcupines
  15 water moccasins
  5 hell hounds
  A hornet zombie (D:11)
  46 orc warriors
  9 ice beasts
  3 black bears
  6 sky beasts
  2 phantoms
  14 ogres
  2 necrophages
  2 wolves (D:8)
  12 centaurs
  4 big kobolds
  12 crocodiles
  19 bullfrogs
  9 scorpions
  A wyvern skeleton (D:9)
  3 elephant simulacra (IceCv)
  12 killer bees
  14 wights
  5 howler monkeys
  7 crimson imps
  A bullfrog zombie (D:11)
  5 draconian simulacra (IceCv)
  3 lava snakes (Lair:6)
  8 hounds
  2 centaur skeletons
  4 centaur zombies
  5 jellies
  22 orc priests
  4 bullfrog skeletons
  A gnoll shaman (D:6)
  36 orc wizards
  4 iguanas
  6 hell rats (Lair:6)
  4 troll simulacra (IceCv)
  17 worker ants
  4 centaur simulacra
  A hound zombie (D:6)
  2 hound skeletons
  A howler monkey zombie (D:8)
  A worker ant zombie (D:5)
  7 gnolls
  6 naga simulacra (IceCv)
  13 adders
  5 river rats (D:3)
  2 ogre simulacra (IceCv)
  2 shadow imps (D:9)
  12 white imps (IceCv)
  16 oozes
  6 worms (D:3)
  A dart slug (D:3)
  12 leopard geckos
  116 orcs
  13 giant cockroaches
  7 goblins
  5 hobgoblins
  7 jackals
  15 kobolds
  4 quokkas
  12 ball pythons
  9 bats
  16 frilled lizards
  A jackal skeleton (D:4)
  A leopard gecko skeleton (D:5)
  A quokka zombie (D:8)
  10 rats
  A bush (Lair:6)
  5 plants (Lair:1)
905 creatures vanquished.

Vanquished Creatures (others)
  17 bushes
  A fungus (Lair:6)
  A plant (Lair:6)
19 creatures vanquished.

Grand Total: 924 creatures vanquished

Notes
Turn   | Place    | Note
-------+----------+-------------------------------------------
     0 | D:1      | Iskender the Mummy Wanderer began the quest for the Orb.
     0 | D:1      | Iskender set off with the following items: a +2 mace, a +0
                  | spear, a scroll of teleportation, a +0 robe
     0 | D:1      | Reached XP level 1. HP: 18/18 MP: 1/1
    11 | D:1      | Reached skill level 2 in Maces & Flails
   231 | D:1      | Reached XP level 2. HP: 24/24 MP: 2/2
   819 | D:2      | Reached XP level 3. HP: 28/29 MP: 3/3
   859 | D:2      | Reached skill level 3 in Maces & Flails
  1101 | D:2      | Found a shadowy altar of Dithmenos.
  1337 | D:2      | Reached XP level 4. HP: 34/35 MP: 4/4
  1666 | D:3      | Reached skill level 4 in Maces & Flails
  1847 | D:3      | Reached XP level 5. HP: 6/41 MP: 5/5
  1916 | D:3      | Found a glowing drain.
  1923 | Sewer    | Entered a sewer
  2614 | Sewer    | Reached skill level 5 in Maces & Flails
  2793 | Sewer    | Reached XP level 6. HP: 17/47 MP: 6/6
  3514 | D:3      | Reached skill level 6 in Maces & Flails
  3576 | D:3      | Found an opulent altar of Gozag.
  3598 | D:3      | Became a worshipper of Gozag Ym Sagoz the Greedy
  3752 | D:4      | Found a staircase to the Ecumenical Temple.
  3761 | Temple   | Entered the Ecumenical Temple
  3783 | D:4      | Got an ebony flail
  3784 | D:4      | Identified the +8 flail of the Absolute Madman {speed, rF+}
                  | (You found it on level 4 of the Dungeon)
  3934 | D:4      | Noticed Eustachio
  4078 | D:4      | Found a sparkling altar of Nemelex Xobeh.
  4202 | D:4      | Reached XP level 7. HP: 44/52 MP: 7/7
  4209 | D:4      | Found Ybrytzay's Jewellery Shoppe.
  4295 | D:4      | Killed Eustachio
  4295 | D:4      | Reached skill level 7 in Maces & Flails
  4330 | D:4      | Found a runed translucent gate.
  4330 | D:4      | Found a runed translucent gate.
  4330 | D:4      | Found a runed translucent gate.
  4347 | D:4      | Found a hazy altar of Hepliaklqana.
  4347 | D:4      | Found a deep blue altar of Sif Muna.
  4366 | D:4      | Noticed sydd's ghost (novice DgEE)
  4544 | D:5      | Entered Level 5 of the Dungeon
  4544 | D:5      | Found Ekhluikk's Antique Armour Shoppe.
  4998 | D:5      | Reached skill level 8 in Maces & Flails
  4998 | D:5      | Reached XP level 8. HP: 58/58 MP: 8/8
  5476 | D:5      | Reached skill level 9 in Maces & Flails
  6173 | D:6      | Reached skill level 10 in Maces & Flails
  6173 | D:6      | Reached XP level 9. HP: 63/63 MP: 9/9
  7043 | D:7      | Reached skill level 11 in Maces & Flails
  7093 | D:7      | Reached skill level 1 in Shields
  7864 | D:8      | Found Paps's General Store.
  7867 | D:8      | Noticed Harold
  8056 | D:8      | Found Luleiv's Weapon Boutique.
  8081 | D:8      | Found Kabug's Armour Shoppe.
  8098 | D:8      | Reached XP level 10. HP: 68/70 MP: 10/10
  8103 | D:8      | Bought a +0 pair of gloves of dexterity for 172 gold pieces
  8147 | D:8      | Reached skill level 5 in Shields
  8178 | D:8      | Bought a scroll of fog for 28 gold pieces
  8179 | D:8      | Bought a scroll of identify for 28 gold pieces
  8213 | D:8      | Found Lutsoref's Gadget Boutique.
  8235 | D:8      | Noticed Grum
  8261 | D:8      | Killed Grum
  8509 | D:8      | Found Ohueptob's Antique Armour Emporium.
  8567 | D:8      | Got a translucent scale mail
  8578 | D:8      | Identified the +0 scale mail "Hups" {rElec rC++ rCorr
                  | Dex-5} (You found it on level 8 of the Dungeon)
  8653 | D:8      | Found a sparkling altar of Nemelex Xobeh.
  8990 | D:9      | Found a glowing silver altar of Zin.
  9194 | D:9      | Found a bloodstained altar of Trog.
  9334 | D:9      | Noticed a two-headed ogre
  9336 | D:9      | Noticed a wolf spider
  9336 | D:9      | a two-headed ogre changed into a wolf spider
  9338 | D:9      | a wolf spider changed into a tyrant leech
  9428 | D:9      | Noticed an elephant
  9464 | D:9      | Killed an elephant
  9464 | D:9      | Reached skill level 12 in Maces & Flails
  9516 | D:9      | Found a staircase to the Lair.
  9608 | D:9      | Found a white marble altar of Elyvilon.
  9789 | D:10     | Entered Level 10 of the Dungeon
  9859 | D:10     | Reached XP level 11. HP: 75/75 MP: 11/11
  9978 | D:10     | Found a staircase to the Orcish Mines.
 10377 | D:10     | Found a runed translucent door.
 10380 | D:10     | Noticed a sixfirhy
 10519 | D:11     | Reached skill level 13 in Maces & Flails
 10850 | D:11     | Noticed a two-headed ogre
 10865 | D:11     | Found a roughly hewn altar of Beogh.
 10865 | D:11     | Noticed an orc knight
 10870 | D:12     | Noticed a red ugly thing
 11764 | D:13     | Found Janled Weo's Antique Armour Boutique.
 12241 | D:11     | Noticed an unseen horror
 12262 | D:11     | Killed an unseen horror
 12262 | D:11     | Reached skill level 14 in Maces & Flails
 12415 | D:11     | Reached skill level 1 in Evocations
 12536 | D:11     | Found a blossoming altar of Fedhas.
 12736 | D:11     | Killed an orc knight
 13111 | D:4      | Bought an uncursed ring of protection from fire for 300
                  | gold pieces
 13202 | D:4      | Killed sydd's ghost
 13352 | D:8      | Bought a scroll of teleportation for 42 gold pieces
 13352 | D:8      | Bought 2 scrolls of enchant armour for 210 gold pieces
 13404 | D:8      | Killed Harold
 13404 | D:8      | Reached XP level 12. HP: 63/81 MP: 14/14
 13486 | Lair:1   | Entered Level 1 of the Lair of Beasts
 13779 | Lair:1   | Reached skill level 1 in Armour
 14013 | Lair:1   | Noticed a minotaur
 14013 | Lair:1   | Noticed Loipp's ghost (journeyman DsGl)
 14442 | Lair:1   | Found a runed translucent gate.
 14442 | Lair:1   | Found a runed translucent gate.
 14442 | Lair:1   | Found a runed translucent gate.
 14967 | Lair:2   | Reached skill level 5 in Armour
 15053 | Lair:2   | Found a hole to the Spider Nest.
 15373 | Lair:2   | Reached skill level 5 in Fighting
 15520 | Lair:2   | Noticed Fannar
 15806 | Lair:2   | Killed Fannar
 16336 | Lair:3   | Gained mutation: You are in touch with the powers of death.
                  | [Mummy growth]
 16336 | Lair:3   | Reached XP level 13. HP: 88/98 MP: 15/15
 17172 | Lair:4   | Found a staircase to the Shoals.
 17201 | Lair:4   | Found a frozen archway.
 17221 | IceCv    | Entered an ice cave
 17691 | IceCv    | Found an ancient bone altar of Kikubaaqudgha.
 18646 | Lair:4   | Noticed Josephine
 18657 | Lair:4   | Killed Josephine
 18657 | Lair:4   | Reached skill level 10 in Shields
 19260 | Lair:5   | Found an ornate altar of the Wu Jian Council.
 19295 | Lair:5   | Found a staircase to the Slime Pits.
 19465 | Lair:5   | Got a warped ring mail
 19481 | Lair:5   | Identified the cursed +0 ring mail of Hedonism {Regen+ MP-9
                  | Int+4 SInv} (You found it on level 5 of the Lair of Beasts)
 19989 | Lair:6   | Entered Level 6 of the Lair of Beasts
 20052 | Lair:6   | Reached skill level 5 in Evocations
 20838 | Lair:6   | Reached XP level 14. HP: 106/106 MP: 19/19
 21128 | Lair:6   | Found a large runed translucent door.
 21128 | Lair:6   | Found a large runed translucent door.
 22144 | Orc:1    | Entered Level 1 of the Orcish Mines
 22284 | Orc:2    | Entered Level 2 of the Orcish Mines
 22330 | Orc:2    | Found a staircase to the Elven Halls.
 22491 | Orc:2    | Found a roughly hewn altar of Beogh.
 22519 | Orc:2    | Found a roughly hewn altar of Beogh.
 22596 | Orc:2    | Noticed Azrael
 22628 | Orc:2    | Killed Azrael
 22652 | Orc:2    | Found a roughly hewn altar of Beogh.
 22712 | Orc:2    | Found Jesh's Weapon Boutique.
 23261 | Orc:2    | Found a roughly hewn altar of Beogh.
 23505 | Orc:2    | Found a roughly hewn altar of Beogh.
 23585 | Orc:2    | Found Coucrab's Antique Armour Shop.
 23595 | Orc:2    | Bought a crude shield for 313 gold pieces
 23605 | Orc:2    | Identified the +4 shield of the Mantidfly {*Corrode Regen+
                  | Str+2} (You bought it in a shop on level 2 of the Orcish
                  | Mines)
 23618 | Orc:2    | Bought a faintly glowing chain mail for 313 gold pieces
 23618 | Orc:2    | Bought an embroidered scarf for 264 gold pieces
 23634 | Orc:2    | Identified the +3 chain mail "Got Wank" {-Cast rPois rF-
                  | Dex+6} (You bought it in a shop on level 2 of the Orcish
                  | Mines)
 23672 | Orc:2    | Noticed Maurice
 23675 | Orc:2    | Killed Maurice
 23773 | Orc:2    | Found a roughly hewn altar of Beogh.
 23908 | Orc:2    | Found a roughly hewn altar of Beogh.
 23930 | Orc:2    | Found a roughly hewn altar of Beogh.
 24308 | Orc:2    | Noticed an orc warlord
 24331 | Orc:2    | Killed an orc warlord
 24532 | Orc:2    | Found Yzemuokh's Antique Armour Boutique.
 24533 | Orc:2    | Found a roughly hewn altar of Beogh.
 24536 | Orc:2    | Found Felyos's Antique Weapon Shop.
 24555 | Orc:2    | Bought a faintly glowing scale mail for 270 gold pieces
 24569 | Orc:2    | Identified the +3 scale mail "Remnebre" {rF+ rCorr Dex+4}
                  | (You bought it in a shop on level 2 of the Orcish Mines)
 24732 | D:10     | Reached skill level 10 in Fighting
 25564 | Orc:2    | Bought a glowing plate armour for 780 gold pieces
 26289 | D:13     | Bought a pair of runed gloves for 180 gold pieces
 26312 | D:13     | Bought a shiny chain mail for 180 gold pieces
 26655 | D:13     | Noticed an ironheart preserver
 26676 | D:13     | Killed an ironheart preserver
 26706 | D:13     | Reached skill level 10 in Evocations
 26727 | D:13     | Found a gate to the Vaults.
 27398 | D:14     | Reached XP level 15. HP: 104/116 MP: 22/22
 28242 | D:15     | Entered Level 15 of the Dungeon
 29676 | D:15     | Found a corrupted altar of Lugonu.
 29685 | D:15     | Identified Lugonu's Tome of Unholy Secrets
 29692 | D:15     | Learned a level 2 spell: Corpse Rot
 29916 | D:15     | Reached skill level 1 in Spellcasting
 30033 | D:15     | Reached skill level 1 in Necromancy
 30153 | D:15     | Killed from afar by a rakshasa (illusionary)

Skill      XL: |  1  2  3  4  5  6  7  8  9 10 11 12 13 14 15 |
---------------+----------------------------------------------+-----
Maces & Flails | 2 3 4 5 6 8 10 11 12 14 | 14.0
Shields        | 4 6 7 8 10 | 10.2
Evocations     | 2 6 10 | 10.0
Armour         | 5 6 9 |  9.0
Fighting       | 8 10 11 | 11.2
Spellcasting   | 2 |  2.2
Necromancy     | 1 |  1.8
Polearms       | |  2.4
Throwing       | |  1.0
Stealth        | |  1.0

Action                   |  1- 3 |  4- 6 |  7- 9 | 10-12 | 13-15 || total
-------------------------+-------+-------+-------+-------+-------++-------
Melee: Mace              |   123 |   268 |       |       |       ||   391
       Whip              |       |    26 |       |       |       ||    26
       Flail             |       |    20 |   358 |  1143 |  2034 ||  3555
 Fire: Blowgun           |       |     6 |    15 |     5 |       ||    26
Throw: Stone             |     4 |     2 |       |       |       ||     6
       Tomahawk          |       |     1 |    26 |    12 |     6 ||    45
       Javelin           |       |       |       |       |    19 ||    19
Invok: Potion Petition   |       |       |       |       |     1 ||     1
Evoke: Wand              |       |       |     2 |    23 |    48 ||    73
  Use: Scroll            |     1 |     4 |     2 |    16 |     9 ||    32
 Stab: Distracted        |       |       |       |     3 |    10 ||    13
       Paralysed         |       |       |       |       |     8 ||     8
       Confused          |       |       |       |       |     1 ||     1
Armor: Robe              |     1 |       |       |       |       ||     1
       Ring mail         |    62 |    99 |    22 |       |     6 ||   189
       Chain mail        |       |       |    61 |   110 |   230 ||   401
       Plate armour      |       |       |       |   112 |   173 ||   285
       Scale mail        |       |       |       |       |     9 ||     9
Dodge: Dodged            |    86 |    88 |    35 |   157 |   261 ||   627
       Deflected         |       |       |       |       |    11 ||    11
Block: Shield            |    27 |   141 |    86 |   283 |   506 ||  1043
       Buckler           |       |       |       |    34 |    91 ||   125
